Map: Bel'Shir Vestige LE (Void)

Players

MCanning

  • Race: Protoss Protoss
  • Spawn Location: 5:00

GAMETIME - Winner!

  • Race: Zerg Zerg
  • Spawn Location: 11:00

Event: WCS Austin 2017

VOD

Have the link to the VOD?

Description

Time

  • Played on: April 28, 2017, 1:54 p.m.
  • Length: 9:19

All games in this series

Show
View Real Time Build Order
Export as new Build Order

MCanning Protoss 

Build Orders:  

Get SALT Encoding   

  12  0:00  Probe (Chrono Boost)  
  13  0:11  Probe (Chrono Boost)  
  14  0:19  Pylon  
  14  0:22  Probe (Chrono Boost)  
  15  0:38  Probe (Chrono Boost), Gateway  
  16  0:48  Probe (Chrono Boost)  
  16  0:49  Assimilator  
  17  0:59  Probe (Chrono Boost)  
  18  1:09  Probe (Chrono Boost)  
  19  1:22  Zealot  
  19  1:25  Cybernetics Core  
  19  1:27  Gateway  
  19  1:29  Pylon  
  21  1:39  Probe (Chrono Boost)  
  22  1:46  Pylon  
  22  1:48  Zealot  
  24  2:02  Mothership Core (Chrono Boost)  
  26  2:09  Assimilator  
  26  2:14  Adept  
  28  2:20  Probe (Chrono Boost)  
  29  2:24  Adept  
  31  2:32  Cybernetics Core  
  31  2:41  Pylon  
  32  2:44  Probe (Chrono Boost), Stalker  
  34  2:56  Probe (Chrono Boost)  
  36  3:08  Warp Gate  
  34  3:20  Nexus  
  34  3:22  Probe (Chrono Boost)  
  35  3:30  Sentry  
  35  3:33  Probe (Chrono Boost)  
  38  3:45  Probe (Chrono Boost)  
  39  3:52  Twilight Council  
  40  3:57  Probe (Chrono Boost)  
  40  4:09  Probe (Chrono Boost), Pylon  
  41  4:11  Sentry  
  41  4:15  Resonating Glaives  
  43  4:21  Probe (Chrono Boost)  
  43  4:24  Gateway  
  44  4:32  Probe (Chrono Boost)  
  44  4:33  Probe (Chrono Boost)  
  46  4:43  Forge, Probe (Chrono Boost)  
  48  4:45  Probe (Chrono Boost)  
  48  4:50  Robotics Facility  
  48  4:53  Probe (Chrono Boost)  
  48  4:58  Probe (Chrono Boost)  
  50  5:04  Probe (Chrono Boost)  
  51  5:08  Pylon  
  51  5:10  Probe (Chrono Boost)  
  51  5:11  Sentry  
  54  5:14  Probe (Chrono Boost)  
  54  5:19  Assimilator  
  56  5:21  Assimilator  
  56  5:22  Probe (Chrono Boost)  
  56  5:25  Probe (Chrono Boost), Adept  
  59  5:34  Probe (Chrono Boost)  
  61  5:35  Probe (Chrono Boost)  
  61  5:46  Probe x2 (Chrono Boost)  
  61  5:49  Robotics Bay  
  63  5:50  Gateway  
  63  5:51  Gateway  
  63  5:56  Probe (Chrono Boost)  
  65  5:58  Probe (Chrono Boost), Adept x2  
  65  6:01  Observer  
  65  6:04  Zealot  
  72  6:07  Probe (Chrono Boost)  
  72  6:10  Probe (Chrono Boost)  
  74  6:13  Pylon  
  74  6:17  Probe (Chrono Boost)  
  75  6:20  Blink, Pylon, Adept  
  77  6:29  Probe (Chrono Boost)  
  77  6:30  Pylon x2  
  78  6:34  Disruptor  
  81  6:50  Stalker  
  81  6:52  Stalker  
  85  6:59  Probe (Chrono Boost)  
  86  7:01  Stalker  
  86  7:04  Nexus  
  86  7:05  Disruptor  
  88  7:14  Protoss Ground Weapons Level 1  
  88  7:15  Stalker x2  
  96  7:24  Probe (Chrono Boost), Photon Cannon  
  96  7:26  Photon Cannon  
  96  7:28  Pylon  
  96  7:36  Disruptor  
  94  7:44  Stalker x3  
  99  7:50  Zealot x2  
  88  8:07  Disruptor  
  82  8:13  Stalker  
  82  8:14  Stalker x3  
  82  8:22  Adept  
  80  8:38  Adept  
  61  8:56  Stalker  
  45  9:13  Stalker  
  44  9:17  Gateway  
  44  9:18  Gateway x2  
Show
View Real Time Build Order
Export as new Build Order

GAMETIME Zerg - Winner!

Build Orders: Pool First 

Get SALT Encoding   

  12  0:00  Drone  
  13  0:18  Extractor  
  12  0:23  Spawning Pool  
  12  0:28  Drone  
  12  0:32  Drone  
  13  0:37  Drone  
  14  0:48  Overlord  
  14  1:12  Queen  
  16  1:18  Zergling x2  
  16  1:19  Metabolic Boost  
  16  1:21  Zergling x2  
  19  1:25  Zergling x2  
  19  1:30  Zergling x2  
  20  1:41  Zergling x2  
  21  1:50  Overlord  
  21  2:03  Zergling x2  
  22  2:12  Zergling x2  
  23  2:19  Zergling x6  
  26  2:23  Hatchery  
  26  2:29  Zergling x2  
  26  2:35  Drone  
  24  2:48  Drone  
  24  2:51  Overlord  
  25  2:53  Drone x2  
  27  3:01  Drone  
  27  3:09  Drone, Queen  
  29  3:30  Hatchery  
  29  3:31  Drone  
  29  3:34  Drone  
  30  3:38  Drone  
  30  3:40  Drone  
  32  3:43  Drone  
  32  3:52  Drone x2  
  34  3:57  Drone x3  
  34  4:02  Overlord  
  37  4:05  Drone  
  37  4:10  Overlord  
  37  4:11  Drone  
  38  4:17  Queen  
  38  4:21  Drone  
  38  4:23  Drone  
  42  4:26  Overlord  
  42  4:33  Roach Warren  
  42  4:34  Drone  
  42  4:36  Extractor  
  42  4:37  Drone  
  42  4:40  Drone  
  42  4:41  Drone  
  42  4:43  Drone  
  45  4:45  Drone  
  45  4:47  Drone  
  45  4:49  Drone  
  48  4:55  Lair  
  48  4:56  Drone  
  48  4:59  Drone  
  50  5:00  Drone  
  50  5:03  Drone  
  50  5:05  Drone  
  50  5:06  Drone  
  54  5:07  Drone  
  54  5:10  Extractor x2  
  53  5:15  Drone  
  53  5:16  Drone x3  
  53  5:20  Overlord  
  53  5:21  Drone  
  57  5:23  Drone x2  
  59  5:29  Drone x3  
  59  5:32  Drone  
  64  5:35  Roach  
  64  5:36  Roach  
  64  5:37  Overlord  
  64  5:40  Overlord  
  66  5:45  Roach x2  
  66  5:48  Roach  
  72  5:50  Overlord  
  72  5:54  Glial Reconstitution  
  72  5:55  Pneumatized Carapace  
  72  5:56  Overseer  
  72  5:59  Roach  
  72  6:02  Roach  
  76  6:04  Spore Crawler  
  76  6:05  Spore Crawler  
  76  6:06  Roach  
  76  6:09  Roach  
  76  6:10  Overseer  
  80  6:11  Roach  
  80  6:13  Roach  
  80  6:15  Roach  
  80  6:17  Overlord  
  84  6:19  Roach  
  90  6:25  Roach x2  
  90  6:26  Roach  
  90  6:28  Roach  
  90  6:29  Roach  
  90  6:32  Roach  
  97  6:35  Overlord  
  97  6:36  Overlord  
  97  6:37  Ravager  
  97  6:39  Zergling x2  
  99  6:41  Roach  
  99  6:43  Roach  
  99  6:47  Roach  
  104  6:48  Overlord  
  104  6:49  Overlord  
  104  6:54  Ravager  
  104  6:55  Overlord x2  
  104  6:57  Roach  
  104  6:59  Roach  
  111  7:01  Roach  
  111  7:03  Roach  
  111  7:05  Roach  
  111  7:07  Roach  
  117  7:10  Roach  
  117  7:12  Roach  
  121  7:17  Ravager, Roach  
  121  7:20  Roach  
  121  7:21  Overlord  
  126  7:23  Roach  
  126  7:25  Roach  
  126  7:27  Roach  
  132  7:33  Roach x2  
  132  7:36  Roach x2  
  140  7:40  Roach  
  140  7:42  Roach x2  
  140  7:43  Zergling x2  
  140  7:44  Zergling x4  
  148  7:51  Zergling x2  
  148  7:52  Zergling x8  
  148  7:58  Zergling x4  
  143  7:59  Zergling x10  
  143  8:03  Roach  
  145  8:06  Roach  
  143  8:16  Roach  
  143  8:17  Roach x2  
  149  8:22  Zergling x2  
  147  8:27  Zergling x4  
  147  8:29  Roach  
  147  8:30  Hatchery  
  142  8:35  Roach  
  130  8:46  Roach  
  130  8:47  Roach x2  
  113  8:50  Roach x2  
  113  8:51  Roach  
  113  8:52  Roach  
  113  8:53  Roach  
  118  8:58  Roach  
  118  9:02  Zergling x4  
  119  9:04  Overseer  
Tags
 
Add a new tag
Caveats
  • Supply blocks, unpowered buildings, or Contaminate may cause inaccurate times.
  • Supply counts are checked every 10 seconds.